 Dungeon Crawl Stone Soup version 0.26-a0-846-gcc8f1ee719 (webtiles) character file.

Game seed: 2043076978486786027

22871 miscthings the Severer (level 13, -8/113 HPs)
             Began as a Hill Orc Transmuter on Nov 20, 2020.
             Was a High Priest of Okawaru.
             Mangled by a yak (11 damage)
             ... on level 2 of the Lair of Beasts.
             The game lasted 00:29:04 (14497 turns).

miscthings the Severer (Hill Orc Transmuter)       Turns: 14497, Time: 00:29:04

Health: -8/113     AC: 10    Str: 17    XL:     13   Next: 3%
Magic:  13/16      EV: 16    Int: 14    God:    Okawaru [*****.]
Gold:   1143       SH:  5    Dex: 15    Spells: 12/15 levels left

rFire    . . .     SeeInvis .   F - +4 war axe
rCold    . . .     Faith    .   N - +0 buckler
rNeg     . . .     Spirit   .   J - +0 troll leather armour
rPois    .         Reflect  .   (helmet restricted)
rElec    .         Harm     .   (no cloak)
rCorr    .         Rampage  .   (no gloves)
MR       .....                  K - +2 pair of boots {Stlth+}
Stlth    ++........             (no amulet)
HPRegen  0.68/turn              a - +4 ring of slaying
MPRegen  0.15/turn              y - +6 ring of dexterity

@: wereblooded
A: horns 1, yellow scales 1, clumsy 1
a: Heroism, Finesse, Renounce Religion


You were on level 2 of the Lair of Beasts.
You worshipped Okawaru.
Okawaru was extremely pleased with you.
You visited 3 branches of the dungeon, and saw 16 of its levels.

You collected 1143 gold pieces.

Inventory:

Hand Weapons
 u - a +1 hand axe of holy wrath
 C - a +0 whip of flaming
 F - a +4 war axe (weapon)
Missiles
 p - 68 poisoned darts (quivered)
 D - 3 datura-tipped darts
Armour
 e - a +1 leather armour of positive energy
 o - a +1 scale mail of cold resistance
 J - a +0 troll leather armour (worn)
 K - a +2 pair of boots of stealth (worn)
 M - a +2 robe of fire resistance
 N - a +0 buckler (worn)
Jewellery
 a - a +4 ring of slaying (left hand)
 y - a +6 ring of dexterity (right hand)
Wands
 n - a wand of digging (4)
 A - a wand of flame (20)
 E - a wand of random effects (20)
 G - a wand of disintegration (6)
Scrolls
 b - a scroll of noise {unknown}
 c - a scroll of immolation
 d - a scroll of random uselessness {unknown}
 f - 2 scrolls of teleportation
 g - 2 scrolls of blinking
 k - 8 scrolls of remove curse
 l - 2 scrolls of fear
 q - a scroll of enchant armour {unknown}
 r - 5 scrolls of fog
 t - 2 scrolls of enchant weapon
 v - 2 scrolls of amnesia
 L - a scroll of magic mapping {unknown}
 O - 2 scrolls of summoning {unknown}
Potions
 h - 3 potions of heal wounds
 i - a potion of brilliance
 j - 6 potions of curing
 m - a potion of lignification {unknown}
 s - 2 potions of attraction
 w - 3 potions of haste
 x - 4 potions of ambrosia
 z - 3 potions of cancellation
 H - 4 potions of might
 I - 2 potions of mutation


   Skills:
 + Level 9.9 Fighting
 + Level 16.1 Axes
 - Level 4.0 Throwing
 + Level 8.3 Armour
 + Level 6.6 Dodging
 - Level 4.0 Shields
 - Level 3.2 Unarmed Combat
 - Level 1.5 Spellcasting
 - Level 1.3 Transmutations
 + Level 4.0 Invocations
 + Level 7.6 Evocations


You had 12 spell levels left.
You knew the following spells:

 Your Spells              Type           Power        Failure   Level
a - Wereblood             Tmut           #.......     24%         2
b - Beastly Appendage     Tmut           #.....       16%         1

Your spell library contained the following spells:

 Spells                   Type           Power        Failure   Level
 Spider Form              Tmut/Pois      #.........   54%         3
 Confusing Touch          Hex            #.......     65%         3
 Gell's Gravitas          Tloc           #.........   65%         3
 Ice Form                 Ice/Tmut       #.......     91%         4
 Petrify                  Tmut/Erth      #.......     91%         4
 Blade Hands              Tmut           #.........   99%         5
 Yara's Violent Unravell  Hex/Tmut       #.........   99%         5
 Metabolic Englaciation   Hex/Ice        #.........   100%        5


Dungeon Overview and Level Annotations

Branches:
Dungeon (12/15)            Temple (1/1) D:5            Lair (3/6) D:10
    Orc (0/2) D:9
  Swamp: Lair:2-4    Shoals: Lair:2-4     Snake: Lair:2-4    Spider: Lair:2-4

Altars:
Ashenzari
Cheibriados
Dithmenos
Elyvilon
Fedhas
Gozag
Hepliaklqana
Kikubaaqudgha
Makhleb
Nemelex Xobeh
Okawaru
Qazlal
Ru
Sif Muna
Trog
Uskayaw
Vehumet
Wu Jian
Xom
Yredelemnul
Zin
The Shining One

Shops:
D:11 (

Annotations:
D:8 2 transporters, exclusions: ice statue and obsidian statue, stormannnn's ghost, novice MiFi


Innate Abilities, Weirdness & Mutations

You have a pair of small horns on your head.
You are partially covered in yellow scales. (AC +2)
You are clumsy. (Dex -2)


Message History

You howl as the wereblood boils in your veins!
The yak barely misses you. The yak gores you! The yak barely misses you.
The yak closely misses you. The merfolk closely misses you. The yak gores you.
The yak misses you. The yak gores you!
* * * LOW HITPOINT WARNING * * *
The yak barely misses you. The yak gores you!
* * * LOW HITPOINT WARNING * * *
You climb upwards.
There is a stone staircase leading down here.
You slash the yak!
The yak is moderately wounded.
You barely miss the yak. You closely miss the yak. You slash the yak!
You hit the yak. The yak barely misses you. The yak gores you!
* * * LOW HITPOINT WARNING * * *
The yak gores you!
* * * LOW HITPOINT WARNING * * *
You block the yak's attack. The yak barely misses you. The yak gores you!
You die...

##......#≈...#..##§..≈
#...#P..#.≈≈.#..#..##.
##..#...#...≈#..#≈.P..
#..##..#...≈#..#≈..>.
#...#..#.≈≈.#..#..##.
#..#...#≈...#.^##≈..≈
#......#...≈##..##..#
#......##.≈.|##..####
#.Y.@..###....##^^...
#..>Y..#####...###..#
#.YYY...##.###...#.##
#......###..P###.....
#.......#...## ######
#......P#...####..#
##............#....##
#............####...##
#.......##...# #...##.


You could see 5 yaks.

Vanquished Creatures
  A hydra (Lair:1)
  Erica (D:9)
  Nergalle (D:10)
  Pikel (D:6)
  A cyclops (D:11)
  2 black mambas
  5 cane toads
  Maggie (D:9)
  A gargoyle (D:10)
  9 komodo dragons
  4 blink frogs
  A queen bee (D:10)
  3 trolls
  A dream sheep (Lair:2)
  2 shadows (D:9)
  29 yaks
  3 wyverns
  Eustachio (D:5)
  A basilisk (Lair:2)
  Edmund (D:3)
  Menkaure (D:6)
  A two-headed ogre zombie (D:9)
  A soldier ant (D:11)
  16 water moccasins
  3 orc warriors
  3 sky beasts
  4 ice beasts
  3 phantoms
  2 black bears
  2 ogres
  A wolf (Lair:2)
  A centaur (D:9)
  3 lemures (D:6)
  15 bullfrogs
  4 troll zombies (D:9)
  19 killer bees (D:10)
  3 scorpions
  17 wights
  2 howler monkeys (D:8)
  An electric eel (Lair:1)
  A quasit (D:9)
  A centaur zombie (D:9)
  A centaur skeleton (D:11)
  3 hounds
  3 jellies
  8 orc priests
  3 bullfrog skeletons
  10 orc wizards
  4 worker ants
  4 iguanas
  3 ogre zombies (D:9)
  A hound zombie (D:8)
  A hound skeleton (D:7)
  3 howler monkey zombies
  A worker ant zombie (D:6)
  A howler monkey skeleton (D:8)
  8 adders
  3 shadow imps
  2 white imps
  An ufetubus (D:7)
  An ooze (D:3)
  An adder skeleton (D:7)
  2 dart slugs (D:1)
  2 worms (D:4)
  5 leopard geckos
  50 orcs
  8 giant cockroaches
  6 goblins
  6 hobgoblins
  10 jackals
  9 quokkas
  2 ball pythons
  5 bats
  2 frilled lizards
  A giant cockroach zombie (D:6)
  A goblin skeleton (D:9)
  2 goblin zombies (D:9)
  2 hobgoblin zombies (D:9)
  4 kobolds (D:1)
  A leopard gecko zombie (D:6)
  2 orc skeletons (D:9)
  17 orc zombies (D:9)
  2 quokka skeletons
  5 rats
379 creatures vanquished.

Vanquished Creatures (others)
  6 fungi
  15 plants
21 creatures vanquished.

Grand Total: 400 creatures vanquished

Notes
Turn   | Place    | Note
-------+----------+-------------------------------------------
     0 | D:1      | miscthings the Hill Orc Transmuter began the quest for the
                  | Orb.
     0 | D:1      | Reached XP level 1. HP: 16/16 MP: 3/3
   113 | D:1      | Reached XP level 2. HP: 24/25 MP: 2/4
   406 | D:1      | Reached XP level 3. HP: 31/31 MP: 3/5
  1630 | D:2      | Reached skill level 1 in Axes
  1890 | D:3      | Reached skill level 2 in Axes
  1999 | D:3      | Reached XP level 4. HP: 36/40 MP: 4/6
  2223 | D:3      | HP: 2/40 [orc priest (3)]
  2225 | D:3      | Reached skill level 3 in Axes
  2590 | D:3      | Reached skill level 4 in Axes
  2590 | D:3      | Reached XP level 5. HP: 42/46 MP: 5/7
  3071 | D:3      | Reached skill level 5 in Axes
  3288 | D:4      | Noticed Edmund
  3660 | D:3      | Killed Edmund
  3661 | D:3      | Reached skill level 7 in Axes
  3661 | D:3      | Reached XP level 6. HP: 15/52 MP: 6/8
  4433 | D:4      | Reached skill level 8 in Axes
  4458 | D:4      | Reached XP level 7. HP: 32/58 MP: 9/9
  4674 | D:4      | Reached skill level 9 in Axes
  4943 | D:5      | Entered Level 5 of the Dungeon
  4958 | D:5      | Found a staircase to the Ecumenical Temple.
  4967 | Temple   | Entered the Ecumenical Temple
  5141 | D:5      | Found a basalt altar of Yredelemnul.
  5611 | D:5      | Reached skill level 10 in Axes
  5837 | D:5      | Reached XP level 8. HP: 59/66 MP: 10/10
  6190 | D:5      | Noticed a wyvern
  6198 | D:5      | Killed a wyvern
  6199 | D:5      | Reached skill level 11 in Axes
  6546 | D:6      | Noticed Pikel
  6546 | D:6      | Noticed Eustachio
  6554 | D:5      | Killed Eustachio
  6725 | D:6      | Reached skill level 12 in Axes
  6886 | D:6      | Noticed Menkaure
  6899 | D:6      | Killed Menkaure
  6967 | D:6      | Reached skill level 13 in Axes
  6994 | D:6      | Reached XP level 9. HP: 68/71 MP: 8/11
  7397 | D:6      | Got a distressingly furry helmet
  7403 | D:6      | Identified the +3 helmet of the Lich-sworn {-Tele rC+ rN+
                  | rCorr} (You found it on level 6 of the Dungeon)
  7517 | D:6      | Killed Pikel
  7518 | D:6      | Reached skill level 14 in Axes
  7518 | D:6      | Reached skill level 1 in Throwing
  7518 | D:6      | Reached skill level 1 in Armour
  7518 | D:6      | Reached skill level 1 in Evocations
  7675 | D:7      | Found Onasyib's Assorted Antiques.
  7738 | D:7      | Found a basalt altar of Yredelemnul.
  8063 | D:7      | Reached skill level 5 in Fighting
  8325 | D:7      | Reached XP level 10. HP: 73/81 MP: 10/12
  8475 | D:8      | Noticed an ice statue
  8577 | D:8      | Noticed an obsidian statue
  8697 | D:8      | Found a transporter.
  8699 | D:8      | Noticed stormannnn's ghost (novice MiFi)
  8701 | D:8      | Found a bloodstained altar of Trog.
  8701 | D:8      | Identified the cursed +1 short sword of Menonuenom {flame,
                  | +Fly rElec rF+ Int-4 Dex+4}
  8702 | D:8      | Noticed a moth of wrath
  8706 | D:8      | Found a transporter.
  9333 | D:9      | Noticed Maggie
  9335 | D:9      | Found a staircase to the Orcish Mines.
  9336 | D:9      | Noticed Erica
  9781 | D:9      | Found a stormy altar of Qazlal.
  9968 | D:9      | Found a sparkling altar of Nemelex Xobeh.
  9969 | D:9      | Found a broken altar of Ashenzari.
  9969 | D:9      | Found a sacrificial altar of Ru.
 10013 | D:9      | Found an iron altar of Okawaru.
 10015 | D:9      | Found a snail-covered altar of Cheibriados.
 10034 | D:9      | Killed Erica
 10184 | D:10     | Entered Level 10 of the Dungeon
 10258 | D:10     | Reached skill level 5 in Armour
 10364 | D:10     | Found a staircase to the Lair.
 10427 | D:10     | Noticed a gargoyle
 10430 | D:10     | Killed a gargoyle
 10431 | D:10     | Reached XP level 11. HP: 92/92 MP: 13/13
 10448 | D:9      | Became a worshipper of Warmaster Okawaru
 10593 | D:9      | Killed Maggie
 10616 | D:9      | Reached skill level 5 in Evocations
 10621 | D:9      | Reached * piety under Okawaru
 10965 | D:10     | Reached ** piety under Okawaru
 10973 | D:10     | Reached skill level 15 in Axes
 10973 | D:10     | Reached skill level 5 in Dodging
 11032 | D:10     | Noticed Nergalle
 11050 | D:10     | Killed Nergalle
 11539 | D:11     | Noticed a four-headed hydra
 11655 | D:11     | Found Epinuqad's Weapon Shoppe.
 11727 | D:11     | Noticed a cyclops
 11738 | D:11     | Reached *** piety under Okawaru
 11753 | D:11     | Killed a cyclops
 11854 | D:11     | Learned a level 2 spell: Wereblood
 12197 | Lair:1   | Entered Level 1 of the Lair of Beasts
 12217 | Lair:1   | Received a gift from Okawaru
 12265 | Lair:1   | Reached XP level 12. HP: 56/103 MP: 14/14
 12273 | Lair:1   | Reached **** piety under Okawaru
 12864 | Lair:1   | Noticed a six-headed hydra
 12883 | Lair:1   | Reached skill level 1 in Shields
 12932 | Lair:1   | Killed a six-headed hydra
 12932 | Lair:1   | Received a gift from Okawaru
 12933 | Lair:1   | Reached skill level 1 in Invocations
 12941 | Lair:1   | HP: 1/104 [cane toad (12)]
 13386 | Lair:2   | Reached ***** piety under Okawaru
 13588 | Lair:2   | Got a scorched falchion
 13589 | Lair:2   | Identified the +4 falchion of Umne Lei {vorpal, rF+ rC+
                  | Dex-5} (You found it on level 2 of the Lair of Beasts)
 13687 | Lair:2   | Gained mutation: You are clumsy. (Dex -2) [potion of
                  | mutation]
 13687 | Lair:2   | Gained mutation: You have a pair of small horns on your
                  | head. [potion of mutation]
 13687 | Lair:2   | Gained mutation: You are partially covered in yellow
                  | scales. (AC +2) [potion of mutation]
 13848 | Lair:2   | Reached skill level 16 in Axes
 14096 | Lair:2   | Noticed a six-headed hydra
 14489 | Lair:3   | Reached XP level 13. HP: 66/113 MP: 12/15
 14496 | Lair:2   | HP: 3/113 [yak (9)]
 14497 | Lair:2   | Mangled by a yak

Illustrated notes

Levels and vault maps discovered:
D:1:      dpeg_arrival_round_b, layout_basic, serial_rivers,
          chequers_serial_rivers_micro_b, chequers_serial_rivers_large_a,
          chequers_serial_rivers_micro_b, chequers_serial_rivers_room_a,
          chequers_serial_rivers_small_a
D:2:      layout_loops_ring
D:3:      layout_loops_ring, wander_ebering_terrifying_dragon_lair
D:4:      layout_loops_ring, uniq_edmund
D:5:      layout_basic, minmay_temple_entry_sparse_star, basic_altar,
          serial_glass, glass_columns_b, glass_columns_b
D:6:      layout_cave_pods, serial_bayou_crossing, uniq_pikel, uniq_menkaure,
          uniq_eustachio
D:7:      layout_basic, serial_shops, shop_statue, yredelemnul_altar_generic
D:8:      minmay_separated_statues, layout_loops_cross,
          gammafunk_ghost_wrathful_warriors
D:9:      layout_irregular_city, nicolae_overflow_hidden_temple,
          lemuel_round_altar, zombieorc2_lemuel, nrook_uturn, uniq_maggie,
          uniq_erica
D:10:     minmay_razor_zed, layout_rooms, david_lair_shrubbed, special_room
          [special_room_bee], nrook_mini_vaults, uniq_nergalle
D:11:     minmay_spotlight, layout_loops_cross, serial_shops, shop
D:12:     layout_cave_pools, gammafunk_ghost_fury_of_okawaru
Temple:   nicolae_temple_elliptical
Lair:1:   layout_gridlike, beast_lair_carwin_7
Lair:2:   layout_long_grid, st_stairs_11, nzn_random_ring
Lair:3:   wander_river, layout_layer_cave, elwin_shoals_entry_stream,
          spider_nest_entry_web_field, infiniplex_staircase_pool, uniq_sonja

Skill      XL: |  1  2  3  4  5  6  7  8  9 10 11 12 13 |
---------------+----------------------------------------+-----
Fighting       | 2 3 5 7 8 9 |  9.9
Axes           | 2 4 7 8 10 13 14 15 16 | 16.1
Throwing       | 2 4 |  4.0
Armour         | 3 5 7 8 |  8.3
Dodging        | 3 4 5 6 |  6.6
Evocations     | 2 4 6 7 |  7.6
Shields        | 4 |  4.0
Invocations    | 3 4 |  4.0
Unarmed Combat | |  3.2
Spellcasting   | |  1.5
Transmutations | |  1.3

Action                   |  1- 3 |  4- 6 |  7- 9 | 10-12 | 13-15 || total
-------------------------+-------+-------+-------+-------+-------++-------
Melee: Unarmed           |   107 |    67 |       |       |       ||   174
       Kick              |    12 |    21 |    24 |     1 |       ||    58
       Headbutt          |     5 |    14 |    16 |    14 |     2 ||    51
       Hand axe          |       |    96 |   330 |       |       ||   426
       Punch             |       |     1 |     5 |     6 |       ||    12
       War axe           |       |       |    14 |   696 |     5 ||   715
       Whip              |       |       |       |    12 |       ||    12
Throw: Dart              |     2 |    11 |     5 |     1 |       ||    19
 Cast: Beastly Appendage |    21 |    15 |    11 |     1 |       ||    48
       Wereblood         |       |       |       |     1 |       ||     1
Invok: Heroism           |       |       |       |     2 |       ||     2
Evoke: Wand              |       |       |       |    10 |       ||    10
  Use: Scroll            |       |     1 |     8 |     7 |       ||    16
       Potion            |       |       |     1 |     7 |     1 ||     9
 Stab: Sleeping          |     1 |       |       |     7 |       ||     8
       Paralysed         |       |       |       |     3 |       ||     3
       Distracted        |       |       |       |     2 |       ||     2
Armor: Robe              |    21 |     9 |       |       |       ||    30
       Scale mail        |       |    29 |    91 |    58 |       ||   178
       Troll leather arm |       |       |       |   122 |     1 ||   123
Dodge: Dodged            |    82 |    97 |   111 |   366 |    12 ||   668
Block: Buckler           |       |       |       |    43 |     3 ||    46

Table legend: (Time is in decaauts)
 A = Elapsed time spent in this place.
 B = Non-inter-level travel time spent in this place.
 C = Inter-level travel time spent in this place.
 D = Time resting spent in this place.
 E = Time spent auto-exploring this place.
 F = Levels seen in this place.
 G = Mean time per level.
                   A        B        C        D        E       F      G
               +--------+--------+--------+--------+--------+-----+--------+
         Total |  14227 |  13489 |    738 |   3645 |   6820 |  16 |  889.2 |
       Dungeon |  11942 |  11300 |    642 |   3207 |   5655 |  12 |  995.2 |
        Temple |    166 |    131 |     35 |      0 |    129 |   1 |  166.0 |
          Lair |   2117 |   2057 |     60 |    438 |   1036 |   3 |  705.7 |
               +--------+--------+--------+--------+--------+-----+--------+

Top non-repeatable levels by time:
     D:3: 1948 daAuts
     D:5: 1477 daAuts
     D:9: 1287 daAuts
     D:2: 1179 daAuts
  Lair:1: 1131 daAuts
    D:10: 1070 daAuts
     D:6: 1001 daAuts
     D:1: 989 daAuts
  Lair:2: 967 daAuts
     D:7: 826 daAuts
     D:4: 822 daAuts
    D:11: 677 daAuts
     D:8: 635 daAuts
  Temple: 166 daAuts
    D:12: 27 daAuts
